 Dungeon Crawl Stone Soup version 0.19-a0-1071-g4ed3155 (webtiles) character file.

41 aronpayne the Gusty (level 3, 26/26 HPs)
             Began as a Demigod Air Elementalist on Aug 5, 2016.
             Quit the game on level 2 of the Dungeon.
             The game lasted 00:08:05 (1344 turns).

aronpayne the Gusty (Demigod Air Elementalist)      Turns: 1344, Time: 00:08:05

Health: 26/26      AC:  1    Str: 11    XL:     3   Next: 16%
Magic:  8/8        EV: 12    Int: 21    God:
Gold:   59         SH:  0    Dex: 16    Spells: 1 memorised, 5 levels left

rFire  . . .     SeeInvis .     (no weapon)
rCold  . . .     Gourm    .     i - -2 leather armour (curse)
rNeg   . . .     Faith    .     (no shield)
rPois  .         Spirit   .     (no helmet)
rElec  .         Dismiss  .     (no cloak)
rCorr  .         Reflect  .     (no gloves)
SustAt +         Harm     .     (no boots)
MR     .....                    (no amulet)
Stlth  ++........               (no ring)
                                (no ring)

@:
A: high mp 1, sustain attributes
a: no special abilities


You were on level 2 of the Dungeon.
You were not hungry.

You visited 1 branch of the dungeon, and saw 2 of its levels.

You collected 59 gold pieces.

Inventory:

Armour
 a - a +0 robe
 i - a cursed -2 leather armour (worn)
Jewellery
 f - an uncursed ring of magical power
Scrolls
 d - a scroll of remove curse {unknown}
 j - a scroll of amnesia {unknown}
Potions
 e - a potion of curing {unknown}
 g - a potion of resistance {unknown}
Books
 b - a book of Air

   Spells                             Type                      Level
   a - Shock                          Conjuration/Air              1
   b - Swiftness                      Charms/Air                   2
   c - Repel Missiles                 Charms/Air                   2
   d - Static Discharge               Conjuration/Air              3
   e - Lightning Bolt                 Conjuration/Air              5
 h - a book of Power

   Spells                             Type                      Level
   a - Fulminant Prism                Conjuration/Hexes            4
   b - Iskenderun's Mystic Blast      Conjuration                  4
   c - Venom Bolt                     Conjuration/Poison           5
   d - Bolt of Magma                  Conjuration/Fire/Earth       5
   e - Iron Shot                      Conjuration/Earth            6
   f - Orb of Destruction             Conjuration                  7
   g - Spellforged Servitor           Conjuration/Summoning        7
Comestibles
 c - 3 bread rations


   Skills:
 + Level 2.1 Dodging
 - Level 1.8 Stealth
 + Level 2.1 Spellcasting
 + Level 1.3 Conjurations
 + Level 3.2 Air Magic


You had 5 spell levels left.
You knew the following spells:

 Your Spells              Type           Power        Failure   Level  Hunger
a - Shock                 Conj/Air       ##..         10%         1    #......


Dungeon Overview and Level Annotations

Branches:
Dungeon (2/15)


Innate Abilities, Weirdness & Mutations

You have an increased reservoir of magic. (+10% MP)
Your attributes are resistant to harm.


Message History

The worm is almost dead.
Casting: Shock
Confirm with . or Enter, or press ? or * to list all spells.
Aiming: Shock
Press: ? - help, Shift-Dir - straight line, f/p - worm
Aim: a worm (almost dead)
The zap hits the worm.
You kill the worm!
Okay, then.
You see here a worm corpse.
You butcher the worm corpse.
k - a chunk of flesh Eat a chunk of flesh? (ye/n/q)
You start eating the chunk of flesh.
You continue eating. x2
You finish eating.
This raw flesh tastes terrible.
Quiver which item? (- for none, * to show all) (? for menu, Esc to quit)
Okay, then.
You remove your ring of magical power.
You feel your magic capacity decrease.
Are you sure you want to abandon this character and quit the game? (Confirm with "yes".)

#.# ..# #.# #.# #.# #.# ###
############.####.##
.............@.#.#.#########
####...##......###.#......#
###...##.......#..#.####.# #
#.(...........#.#.#.####.# #.
#.#...###.....###......#.#
#.##.#...# ##.#..###.#.##.#.#
#........####.#......#.##.#.#
#...............######.##.#.#
####.########'### #......#


There were no monsters in sight!

Vanquished Creatures
  An ooze (D:1)
  A worm (D:2)
  A dart slug (D:2)
  A giant gecko (D:2)
  4 bats (D:1)
  A giant cockroach (D:1)
  3 goblins (D:1)
  2 hobgoblins (D:1)
  4 jackals (D:2)
  2 ball pythons (D:1)
  A giant newt (D:2)
  2 kobolds (D:1)
  5 rats (D:1)
28 creatures vanquished.

Notes
Turn   | Place    | Note
-------+----------+-------------------------------------------
     0 | D:1      | aronpayne the Demigod Air Elementalist began the quest for the Orb.
     0 | D:1      | Reached XP level 1. HP: 14/14 MP: 5/5
   206 | D:1      | Reached skill level 3 in Air Magic
   276 | D:1      | Reached skill level 1 in Conjurations
   488 | D:1      | Reached XP level 2. HP: 20/20 MP: 7/7
   964 | D:2      | Reached XP level 3. HP: 4/26 MP: 8/8
   964 | D:2      | HP: 1/26 [jackal (3)]
  1344 | D:2      | Quit the game

Vault maps used:
D:1:      dpeg_arrival_ratfight, hangedman_abyss_or_decor_lesser_grid
D:2:      first_bread, uniq_iyjb, uniq_crazy_yiuf_cottage, uniq_sigmund

Skill      XL: |  1  2 |
---------------+-------+-----
Air Magic      | 3 |  3.2
Conjurations   | 1 |  1.3
Dodging        | 2 |  2.1
Spellcasting   | 2 |  2.1
Stealth        | |  1.8

Action                   || total
-------------------------++-------
Melee: Unarmed           ||     5
 Cast: Shock             ||    69
  Use: Scroll            ||     3
  Eat: Chunk             ||     2
Dodge: Dodged            ||    12
